[Event "ICC tourney 3096 (40 10)"]
[Site "Internet Chess Club"]
[Date "2023.01.07"]
[Round "2"]
[White "BROCKHOUSE, JOHN:bbrockva"]
[Black "Agrawal, Arvin:championfugman"]
[Result "0-1"]
[ICCResult "White resigns"]
[WhiteElo "1365"]
[BlackElo "1500"]
[Opening "King's Indian: orthodox, Aronin-Taimanov, 9.Ne1"]
[ECO "E98"]
[NIC "KI.03"]
[Time "13:15:21"]
[PlyCount "66"]
[TimeControl "2400+10"]

1. d4 Nf6 2. c4 g6 3. Nc3 Bg7 4. e4 d6 5. Be2 O-O 6. Nf3 e5 7. O-O Nc6 8. d5
Ne7 9. Ne1 Ne8 10. Be3 f5 11. f3 Nf6 12. c5 Bd7 13. cxd6 cxd6 14. Nb5 Bxb5
15. Bxb5 fxe4 16. Qb3 exf3 17. Nxf3 a6 18. Bc4 b5 19. Be2 Nf5 20. Bf2 Ne4
21. Be1 Qb6+ 22. Kh1 Rac8 23. a4 Ne3 24. Rg1 Nc2 25. Bh4 Nxa1 26. Rxa1 Nc5
27. Qb4 Rf4 28. Qe1 Rxa4 29. Rxa4 Nxa4 30. h3 Nxb2 31. Ng5 Qe3 32. Qf2 Qxf2
33. Bxf2 Rc2 {White resigns} 0-1

[Event "ICC tourney 3096 (40 10)"]
[Site "Internet Chess Club"]
[Date "2023.01.07"]
[Round "2"]
[White "GRESEN, EVAN MICHAEL:EVMIGR"]
[Black "WU, DARREN:chessboy111"]
[Result "1/2-1/2"]
[ICCResult "Game drawn by mutual agreement"]
[WhiteElo "1720"]
[BlackElo "1318"]
[Opening "Caro-Kann: Steinitz variation"]
[ECO "B17"]
[NIC "CK.08"]
[Time "13:15:27"]
[PlyCount "88"]
[TimeControl "2400+10"]

1. e4 c6 2. d4 d5 3. Nc3 dxe4 4. Nxe4 Nd7 5. Nf3 Ngf6 6. Nc3 Nb6 7. Bg5 Bf5
8. Bd3 Bg6 9. Bxf6 exf6 10. O-O Be7 11. Re1 O-O 12. Bxg6 hxg6 13. Qd3 Re8
14. a3 Qc7 15. Rad1 Bd6 16. Ne4 f5 17. Nxd6 Qxd6 18. c3 Nd7 19. Ne5 Nxe5 20.
dxe5 Qxd3 21. Rxd3 Rad8 22. Rde3 Re6 23. f4 Kf8 24. Kf2 Ke7 25. R1e2 Rd5 26.
h4 Kd7 27. g3 Kc7 28. Rc2 f6 29. Rce2 b5 30. Kf3 Kd7 31. exf6 Rxe3+ 32. Kxe3
gxf6 33. Rd2 Rxd2 34. Kxd2 Kd6 35. Ke3 Kc5 36. Kd3 Kd5 37. b3 c5 38. b4 cxb4
39. axb4 a6 40. Kd2 Kd6 41. Kd3 Kd5 42. Kd2 Kd6 43. Ke3 Kc6 44. Kd4 Kd6
{Game drawn by mutual agreement}
1/2-1/2

[Event "ICC tourney 3096 (40 10)"]
[Site "Internet Chess Club"]
[Date "2023.01.07"]
[Round "2"]
[White "JIMENEZ, LUIS A:eltuna"]
[Black "GONZALEZ SILVA, HUGO:hggonzalezzss"]
[Result "1-0"]
[ICCResult "Black resigns"]
[WhiteElo "1426"]
[BlackElo "1748"]
[Opening "Sicilian: Canal-Sokolsky attack, 3...Bd7"]
[ECO "B52"]
[NIC "SI.01"]
[Time "13:16:07"]
[PlyCount "97"]
[TimeControl "2400+10"]

1. e4 c5 2. Nf3 d6 3. Bb5+ Bd7 4. Bxd7+ Nxd7 5. O-O g6 6. c3 Bg7 7. d4 cxd4
8. cxd4 Qb6 9. Nc3 e6 10. a4 Ne7 11. a5 Qc7 12. Bf4 e5 13. Be3 O-O 14. d5 h6
15. Nb5 Qb8 16. Rc1 Rc8 17. Rxc8+ Nxc8 18. Qc1 a6 19. Nc7 Na7 20. Nxa8 Qxa8
21. Bxa7 Qxa7 22. Qc7 Nc5 23. Qxd6 Nxe4 24. Qe7 Qb8 25. Re1 f5 26. Qe6+ Kh7
27. Nh4 Qa7 28. Qxg6+ Kg8 29. Qe8+ Kh7 30. Qg6+ Kg8 31. Qb6 Qxb6 32. axb6
Nd6 33. Ng6 e4 34. b3 Bd4 35. Kf1 Kf7 36. Nf4 Bxb6 37. f3 e3 38. g4 Kf6 39.
Ng2 fxg4 40. Nxe3 gxf3 41. Nc4 Nxc4 42. bxc4 Bc5 43. Re6+ Kf5 44. Rxh6 Ke4
45. d6 Kd4 46. Rh4+ Ke3 47. d7 Bb6 48. c5 Bc7 49. Rb4 {Black resigns} 1-0

[Event "ICC tourney 3096 (40 10)"]
[Site "Internet Chess Club"]
[Date "2023.01.07"]
[Round "2"]
[White "Feng, Jay:TheDeadlyPawn"]
[Black "Wang, Darren:thinkorswim"]
[Result "1-0"]
[ICCResult "Black checkmated"]
[WhiteElo "1650"]
[BlackElo "1165"]
[Opening "French: advance, Paulsen attack"]
[ECO "C02"]
[NIC "FR.03"]
[Time "13:15:18"]
[PlyCount "99"]
[TimeControl "2400+10"]

1. e4 e6 2. d4 d5 3. e5 c5 4. c3 Nc6 5. Nf3 Qb6 6. Be2 Nge7 7. Na3 Nf5 8.
Nc2 Bd7 9. O-O cxd4 10. cxd4 Be7 11. b3 O-O 12. Bb2 f6 13. Qd2 Rac8 14. Rac1
a5 15. Rfd1 a4 16. Qd3 axb3 17. axb3 Na5 18. Nd2 fxe5 19. dxe5 Bg5 20. Bd4
Nxd4 21. Nxd4 Rxc1 22. Rxc1 Bxd2 23. Qxd2 Nxb3 24. Nxb3 Qxb3 25. Bd3 Qb6 26.
Rb1 Qc7 27. Qe2 Bc6 28. Qh5 g6 29. Qg5 Qf7 30. Qe3 Qf4 31. Qe2 Qd4 32. Rd1
Qc5 33. Rf1 b5 34. Qg4 Qe7 35. Bxg6 hxg6 36. Qxg6+ Kh8 37. Qh6+ Qh7 38.
Qxf8+ Qg8 39. Qh6+ Qh7 40. Qxe6 Qb7 41. Qf6+ Kg8 42. e6 b4 43. e7 Qc8 44.
Rc1 Qa8 45. Rxc6 b3 46. Qg6+ Kh8 47. e8=Q+ Qxe8 48. Qxe8+ Kh7 49. Qg6+ Kh8
50. Rc8# {Black checkmated} 1-0

[Event "ICC tourney 3096 (40 10)"]
[Site "Internet Chess Club"]
[Date "2023.01.07"]
[Round "2"]
[White "Mehta, Aarav Amit:amitmehta22"]
[Black "PU, LANDON:landonp"]
[Result "1-0"]
[ICCResult "Black resigns"]
[WhiteElo "1360"]
[BlackElo "1557"]
[Opening "Giuoco Piano"]
[ECO "C54"]
[NIC "IG.02"]
[Time "13:15:11"]
[PlyCount "67"]
[TimeControl "2400+10"]

1. e4 e5 2. Nf3 Nc6 3. Bc4 Bc5 4. c3 Nf6 5. d4 exd4 6. e5 d5 7. Bb5 Ne4 8.
cxd4 Bb6 9. Nc3 Bg4 10. h3 Bh5 11. Qa4 Qd7 12. Be3 a6 13. Rd1 O-O 14. Bxc6
bxc6 15. Qc2 Bg6 16. Nxe4 Bxe4 17. Qe2 h6 18. O-O Qf5 19. Nh4 Qe6 20. f3 Bh7
21. f4 Be4 22. f5 Qd7 23. Qg4 Kh7 24. Qh5 Rg8 25. Nf3 f6 26. exf6 Bxf3 27.
Rxf3 g5 28. fxg6+ Rxg6 29. f7 Rf8 30. Rdf1 Qe7 31. Rg3 Qe6 32. Rff3 Rxf7 33.
Rxg6 Qxg6 34. Rxf7+ {Black resigns} 1-0

[Event "ICC tourney 3096 (40 10)"]
[Site "Internet Chess Club"]
[Date "2023.01.07"]
[Round "2"]
[White "Anthony, Joseph:ajk170378"]
[Black "WANG, CHLOE HEATHER:kittycat35"]
[Result "1-0"]
[ICCResult "Black checkmated"]
[WhiteElo "1862"]
[BlackElo "1586"]
[Opening "Vienna gambit: Paulsen attack"]
[ECO "C29"]
[NIC "VG.03"]
[Time "13:15:13"]
[PlyCount "97"]
[TimeControl "2400+10"]

1. e4 e5 2. Nc3 Nf6 3. f4 d5 4. fxe5 Nxe4 5. Qf3 Nxc3 6. bxc3 Be6 7. d4 Be7
8. Bd3 c5 9. Nh3 Nc6 10. Nf4 cxd4 11. Nxe6 fxe6 12. Qh5+ Kd7 13. cxd4 Bb4+
14. Bd2 g6 15. Qg4 Qa5 16. O-O Bxd2 17. Rf7+ Ne7 18. Rb1 Qc7 19. Bb5+ Kd8
20. Qxe6 Bg5 21. Rbf1 Bh6 22. c4 a6 23. cxd5 axb5 24. d6 Qd7 25. dxe7+ Ke8
26. Rf8+ Rxf8 27. Rxf8+ Bxf8 28. exf8=Q+ Kxf8 29. Qxd7 Rxa2 30. Qxb5 Ra1+
31. Kf2 Ra2+ 32. Kf3 Kg7 33. Qxb7+ Kh6 34. e6 Ra3+ 35. Ke4 Ra1 36. Kd5 Ra5+
37. Kd6 Ra4 38. d5 Re4 39. e7 Re1 40. Kd7 Kg5 41. e8=Q Rxe8 42. Kxe8 h5 43.
d6 Kh4 44. Qb4+ Kg5 45. d7 h4 46. d8=Q+ Kh6 47. Qf8+ Kh5 48. Qd5+ Kg4 49.
Qff3# {Black checkmated} 1-0

[Event "ICC tourney 3096 (40 10)"]
[Site "Internet Chess Club"]
[Date "2023.01.07"]
[Round "2"]
[White "KURBANOV, ABROR:Abror"]
[Black "BRUDNO, STEPHEN:StevChess01"]
[Result "1-0"]
[ICCResult "Black resigns"]
[WhiteElo "1804"]
[BlackElo "1530"]
[Opening "Sicilian: O'Kelly variation"]
[ECO "B28"]
[NIC "SI.43"]
[Time "13:15:14"]
[PlyCount "115"]
[TimeControl "2400+10"]

1. e4 c5 2. Nf3 a6 3. d4 cxd4 4. Nxd4 Nf6 5. Nc3 e5 6. Nf3 Bb4 7. Bg5 Bxc3+
8. bxc3 d6 9. Be2 h6 10. Bxf6 Qxf6 11. Qd3 O-O 12. O-O Nc6 13. Rfd1 Rd8 14.
Nd2 Be6 15. c4 Rac8 16. Nf1 Qg5 17. Ne3 Nd4 18. c3 Nxe2+ 19. Qxe2 Qe7 20.
Rab1 Qc7 21. Rb4 Qc6 22. Nd5 Bxd5 23. Rxd5 b6 24. f3 Rb8 25. Qd3 Rbc8 26.
Qc2 Rb8 27. Qb3 Rdc8 28. a4 a5 29. Rxa5 Rb7 30. Rab5 Ra8 31. Rxb6 Rxb6 32.
Rxb6 Qxa4 33. Qxa4 Rxa4 34. Rxd6 Rxc4 35. Rd3 Kf8 36. Kf2 Ke7 37. Ke2 f6 38.
Re3 Ra4 39. Kd3 Ke6 40. Re2 Ra7 41. Rb2 Ra6 42. g4 g6 43. h4 Rd6+ 44. Ke3 f5
45. Rb8 fxg4 46. fxg4 Kf6 47. c4 Rc6 48. Kd3 Rd6+ 49. Kc3 Rd4 50. c5 Rxe4
51. c6 Re3+ 52. Kd2 Re4 53. c7 Rc4 54. c8=Q Rxc8 55. Rxc8 h5 56. Rc6+ Kg7
57. g5 Kf7 58. Ke3 {Black resigns} 1-0

[Event "ICC tourney 3096 (40 10)"]
[Site "Internet Chess Club"]
[Date "2023.01.07"]
[Round "3"]
[White "Wang, Darren:thinkorswim"]
[Black "GRESEN, EVAN MICHAEL:EVMIGR"]
[Result "0-1"]
[ICCResult "White checkmated"]
[WhiteElo "1165"]
[BlackElo "1720"]
[Opening "Sicilian: Kan, 5.Nc3"]
[ECO "B43"]
[NIC "SI.41"]
[Time "15:31:42"]
[PlyCount "64"]
[TimeControl "2400+10"]

1. e4 c5 2. Nf3 e6 3. d4 cxd4 4. Nxd4 a6 5. Nc3 Qc7 6. Be3 Bb4 7. Qd2 Nf6 8.
f3 d5 9. Bd3 e5 10. Nb3 d4 11. Nxd4 exd4 12. Bxd4 Nc6 13. Be3 O-O 14. g4 Ne5
15. Rf1 Rd8 16. O-O-O Be6 17. a3 Bxa3 18. bxa3 Rac8 19. Bf4 Nxd3+ 20. cxd3
Qxc3+ 21. Qxc3 Rxc3+ 22. Kb2 Rb3+ 23. Kc2 Rxa3 24. Rb1 b5 25. Rfd1 Rc8+ 26.
Kd2 Ra2+ 27. Ke3 Rcc2 28. g5 Nd7 29. d4 Re2+ 30. Kd3 Bc4+ 31. Kc3 Rec2+ 32.
Kb4 a5# {White checkmated} 0-1

[Event "ICC tourney 3096 (40 10)"]
[Site "Internet Chess Club"]
[Date "2023.01.07"]
[Round "3"]
[White "DUBE, DANIEL:betterone76"]
[Black "Liu, Lucas:K03-16947300"]
[Result "0-1"]
[ICCResult "White resigns"]
[WhiteElo "1850"]
[BlackElo "1458"]
[Opening "Réti: Pirc-Lisitsin gambit"]
[ECO "A04"]
[NIC "HD.13"]
[Time "15:31:31"]
[PlyCount "36"]
[TimeControl "2400+10"]

1. Nf3 f5 2. e4 fxe4 3. Ng5 Nf6 4. d3 g6 5. Nc3 Bg7 6. dxe4 Nc6 7. Bc4 e6 8.
Bf4 O-O 9. Nb5 Nxe4 10. Nxe6 dxe6 11. Qxd8 Nxd8 12. Nxc7 Rxf4 13. O-O-O Nf7
14. Nxa8 Nxf2 15. Rhf1 Bh6 16. Kb1 Nxd1 17. Rxf4 Bxf4 18. g3 Bd6 {White
resigns} 0-1

[Event "ICC tourney 3096 (40 10)"]
[Site "Internet Chess Club"]
[Date "2023.01.07"]
[Round "3"]
[White "HANKE, HARVEY:ThinkingPanda"]
[Black "JIMENEZ, LUIS A:eltuna"]
[Result "1-0"]
[ICCResult "Black resigns"]
[WhiteElo "1646"]
[BlackElo "1426"]
[Opening "Sicilian: Grand Prix attack"]
[ECO "B23"]
[NIC "SI.44"]
[Time "15:31:30"]
[PlyCount "43"]
[TimeControl "2400+10"]

1. e4 c5 2. Nc3 Nc6 3. f4 g6 4. Nf3 Bg7 5. Bc4 e6 6. O-O Nge7 7. d3 O-O 8.
Qe1 d5 9. Bb3 Na5 10. Bd2 Nxb3 11. axb3 b6 12. e5 Bb7 13. Nb5 Nf5 14. g4 a6
15. gxf5 axb5 16. Rxa8 Qxa8 17. f6 Bh8 18. Qh4 h5 19. Qg3 Kh7 20. Ng5+ Kg8
21. Nxe6 Re8 22. Nc7 {Black resigns} 1-0

[Event "ICC tourney 3096 (40 10)"]
[Site "Internet Chess Club"]
[Date "2023.01.07"]
[Round "3"]
[White "PU, LANDON:landonp"]
[Black "NAMBIAR, AARAV THILOP:AaravThilop"]
[Result "0-1"]
[ICCResult "White checkmated"]
[WhiteElo "1557"]
[BlackElo "1577"]
[Opening "Bogo-Indian defense, Nimzovich variation"]
[ECO "E11"]
[NIC "QI.01"]
[Time "15:31:30"]
[PlyCount "72"]
[TimeControl "2400+10"]

1. d4 Nf6 2. c4 e6 3. Nf3 Bb4+ 4. Bd2 Qe7 5. g3 b6 6. Bg2 Bb7 7. O-O O-O 8.
a3 Bxd2 9. Nbxd2 d6 10. Qc2 Nbd7 11. Rfe1 e5 12. d5 e4 13. Nd4 e3 14. Nf5
exf2+ 15. Kxf2 Ng4+ 16. Kg1 Qg5 17. Nf3 Qf6 18. b3 g6 19. N5d4 Ne3 20. Qd2
Rfe8 21. Nc2 Nxc2 22. Qxc2 Re3 23. Rf1 Rae8 24. Rae1 Nc5 25. b4 Ne4 26. Nd2
Qd4 27. Nf3 Rxf3+ 28. e3 Rxe3 29. Kh1 Rxe1 30. Rxe1 Nxg3+ 31. hxg3 Rxe1+ 32.
Kh2 Qg1+ 33. Kh3 Bc8+ 34. Kh4 Qh2+ 35. Kg5 Qxg3+ 36. Kf6 Qe5# {White
checkmated} 0-1

[Event "ICC tourney 3096 (40 10)"]
[Site "Internet Chess Club"]
[Date "2023.01.07"]
[Round "3"]
[White "Hernandez-Visbal, Arthur:thechessgod22"]
[Black "BLIZNIUK, STANISLAW:Sbliz20"]
[Result "0-1"]
[ICCResult "White checkmated"]
[WhiteElo "1628"]
[BlackElo "1736"]
[Opening "Queen's bishop game"]
[ECO "D02"]
[NIC "QP.09"]
[Time "15:31:39"]
[PlyCount "192"]
[TimeControl "2400+10"]

1. Nf3 d5 2. d4 Nf6 3. Bf4 c5 4. c3 Qb6 5. Qc2 Nc6 6. e3 g6 7. Bd3 Bg7 8.
Nbd2 O-O 9. h3 a5 10. O-O c4 11. Be2 Bf5 12. Qc1 Rfe8 13. Nh4 Bd7 14. b3
cxb3 15. axb3 e5 16. dxe5 Nxe5 17. Bxe5 Rxe5 18. Nhf3 Ree8 19. Nd4 Bc6 20.
Nxc6 Qxc6 21. Rb1 Rec8 22. c4 dxc4 23. bxc4 Qc7 24. Bf3 Rcb8 25. Ne4 Nxe4
26. Bxe4 Ra7 27. Rd1 Re8 28. Bd5 a4 29. Rd2 a3 30. Ra2 Bf8 31. Rb3 Rb8 32.
Qd2 Be7 33. Qd4 Bc5 34. Qe4 Qe7 35. Qxe7 Bxe7 36. Kf1 b6 37. Ke2 Kg7 38. Kd3
f5 39. Kc3 Ra6 40. Kd3 Bc5 41. Kc3 Re8 42. Kd3 g5 43. Kc2 f4 44. e4 Kf6 45.
f3 Ke5 46. Rd3 Rd8 47. Rb3 h6 48. Rd3 h5 49. Rb3 Ra7 50. Rd3 Rg7 51. Rd1 g4
52. hxg4 hxg4 53. Rh1 gxf3 54. gxf3 Rg2+ 55. Kb3 Rxa2 56. Kxa2 Rd7 57. Rh5+
Kd4 58. e5 Rg7 59. Rh2 Kxe5 60. Rd2 Bb4 61. Rc2 Kd4 62. Kb3 Bf8 63. Rd2+ Ke3
64. Ra2 Be7 65. Ka4 Bc5 66. Kb5 Rg1 67. Ka4 Rb1 68. Rc2 Kd3 69. Be4+ Ke3 70.
Rc3+ Kd4 71. Rb3 Rc1 72. Bb1 Rxc4+ 73. Kb5 Rc3 74. Rxc3 Kxc3 75. Ka4 Kb2 76.
Be4 a2 77. Kb5 a1=Q 78. Kc6 Be3 79. Kb5 Qa5+ 80. Kc6 Qc5+ 81. Kb7 Qe7+ 82.
Ka6 Qxe4 83. Ka7 Qxf3 84. Kb8 Kc3 85. Ka7 Bg1 86. Ka6 Qa8+ 87. Kb5 Kd4 88.
Kb4 Qc8 89. Kb5 Qc5+ 90. Ka6 b5 91. Kb7 b4 92. Ka8 b3 93. Kb7 b2 94. Ka8 Bh2
95. Kb7 b1=Q+ 96. Ka8 Qa3# {White checkmated} 0-1

[Event "ICC tourney 3096 (40 10)"]
[Site "Internet Chess Club"]
[Date "2023.01.07"]
[Round "3"]
[White "RHINES, GRAYSON:Grayson0405"]
[Black "Wu, Zhuoyuan:Jake000"]
[Result "0-1"]
[ICCResult "White resigns"]
[WhiteElo "1279"]
[BlackElo "1535"]
[Opening "Queen's pawn, Mason variation"]
[ECO "D00"]
[NIC "QP.08"]
[Time "15:31:29"]
[PlyCount "110"]
[TimeControl "2400+10"]

1. d4 d5 2. Bf4 Nf6 3. e3 Bf5 4. c3 e6 5. Nd2 a6 6. Qb3 b6 7. Ngf3 Nh5 8.
Bg5 Be7 9. Bxe7 Qxe7 10. Ne5 Nf6 11. Qa4+ Nfd7 12. Bb5 f6 13. Nxd7 Nxd7 14.
Bc6 Ra7 15. O-O-O Bd3 16. e4 b5 17. Qb3 Bc4 18. Nxc4 dxc4 19. Qc2 O-O 20. f4
Nb8 21. d5 Nxc6 22. dxc6 Qc5 23. Rd7 Qxc6 24. Rhd1 Qb6 25. Qd2 a5 26. Qd4
Qxd4 27. R1xd4 Rf7 28. Rxf7 Kxf7 29. Rd7+ Kf8 30. Rd8+ Ke7 31. Rb8 c6 32.
Rc8 Kd7 33. Rg8 Kd6 34. Kc2 Rd7 35. g3 f5 36. e5+ Kd5 37. Re8 g5 38. Kd2
Ke4+ 39. Ke2 gxf4 40. gxf4 Kxf4 41. Rxe6 Rd5 42. Rxc6 Rxe5+ 43. Kf2 Ke4 44.
Rh6 Kd3 45. Rxh7 Re2+ 46. Kf3 Rxb2 47. h4 Rxa2 48. h5 Kxc3 49. h6 Rh2 50.
Kf4 Rh5 51. Ke5 b4 52. Kf6 b3 53. Kg6 b2 54. Rb7 Rxh6+ 55. Kxh6 Kc2
{White resigns}
0-1

[Event "ICC tourney 3096 (40 10)"]
[Site "Internet Chess Club"]
[Date "2023.01.07"]
[Round "3"]
[White "Feng, Jay:TheDeadlyPawn"]
[Black "HELMSEN, GAVIN:ghelmsen"]
[Result "1-0"]
[ICCResult "Black checkmated"]
[WhiteElo "1650"]
[BlackElo "1547"]
[Opening "Robatsch defense"]
[ECO "B06"]
[NIC "KF.05"]
[Time "15:31:29"]
[PlyCount "107"]
[TimeControl "2400+10"]

1. e4 g6 2. d4 Bg7 3. Nc3 d5 4. exd5 Nf6 5. Bc4 c6 6. dxc6 Nxc6 7. Be3 Bf5
8. h3 h5 9. Nf3 Rc8 10. Bb3 Na5 11. Qe2 O-O 12. O-O Nxb3 13. axb3 Nd5 14.
Nxd5 Qxd5 15. c4 Qe4 16. Rxa7 Rfd8 17. Rd1 Qc2 18. Qxc2 Bxc2 19. Rd2 Bxb3
20. Rxb7 Bxc4 21. Rxe7 Be6 22. Ra7 Bf8 23. Ne5 Bd6 24. Bg5 Bxe5 25. dxe5
Rc1+ 26. Kh2 Rxd2 27. Ra8+ Rc8 28. Rxc8+ Bxc8 29. Bxd2 Kf8 30. Bg5 Ke8 31.
f3 Kd7 32. g4 hxg4 33. fxg4 Ke6 34. Bf6 Ba6 35. Kg3 Bf1 36. h4 Be2 37. Kf4
Kd7 38. Kg5 Ke8 39. Bg7 Ke7 40. h5 gxh5 41. gxh5 Bd3 42. b4 Ke6 43. h6 Ke7
44. b5 Bxb5 45. h7 f5 46. exf6+ Kf7 47. h8=Q Be8 48. Qf8+ Ke6 49. Qxe8+ Kd6
50. Qb5 Ke6 51. Qc5 Kd7 52. Bf8 Kd8 53. Kf5 Ke8 54. Qe7# {Black checkmated}
1-0

[Event "ICC tourney 3096 (40 10)"]
[Site "Internet Chess Club"]
[Date "2023.01.07"]
[Round "3"]
[White "TANG, VINCENT:VincentT2008"]
[Black "Anthony, Joseph:ajk170378"]
[Result "1/2-1/2"]
[ICCResult "Game drawn by mutual agreement"]
[WhiteElo "1729"]
[BlackElo "1862"]
[Opening "Nimzo-Indian: classical variation"]
[ECO "E32"]
[NIC "NI.20"]
[Time "15:31:31"]
[PlyCount "166"]
[TimeControl "2400+10"]

1. d4 Nf6 2. c4 e6 3. Nc3 Bb4 4. Qc2 O-O 5. a3 Bxc3+ 6. Qxc3 d5 7. Bg5 h6 8.
Bxf6 Qxf6 9. cxd5 exd5 10. e3 c6 11. Bd3 Bf5 12. Nf3 Nd7 13. O-O Bxd3 14.
Qxd3 Rfe8 15. Rab1 b5 16. Rfc1 Nb6 17. Ne5 Nc4 18. Nxc4 bxc4 19. Qc2 Rab8
20. b3 cxb3 21. Rxb3 Rxb3 22. Qxb3 Re7 23. Qb8+ Kh7 24. Qc8 Qd6 25. Rc5 Rc7
26. Qa6 Qg6 27. h3 Qb1+ 28. Kh2 Qb6 29. Qd3+ g6 30. Qc2 Qb8 31. g3 Qb6 32.
a4 Qa6 33. Kg2 Qb7 34. a5 a6 35. h4 h5 36. e4 Re7 37. Rxc6 dxe4 38. Rb6 Qd5
39. Qc5 Qd7 40. d5 Re5 41. Rd6 Qe7 42. Rc6 Qd7 43. Qf8 e3 44. Rc8 Qxc8 45.
Qxf7+ Kh6 46. Qf4+ Kh7 47. Qxe5 exf2 48. Qe7+ Kg8 49. Qe4 Kf7 50. Qf4+ Ke7
51. Qxf2 Qc4 52. Qe3+ Kd8 53. Qb6+ Ke7 54. Qe6+ Kd8 55. Qd6+ Kc8 56. Qf8+
Kd7 57. Qf7+ Kd8 58. Qf6+ Kd7 59. Qe6+ Kd8 60. Kf3 Qc3+ 61. Kf4 Qd2+ 62. Ke5
Qc3+ 63. Ke4 Qc2+ 64. Kd4 Qd2+ 65. Kc4 Qc2+ 66. Kd4 Qd2+ 67. Ke4 Qc2+ 68.
Kf4 Qd2+ 69. Kf3 Qd3+ 70. Kf2 Qd2+ 71. Kg1 Qd1+ 72. Kg2 Qd2+ 73. Kh3 Qd3 74.
Qf6+ Kd7 75. Qf7+ Kd6 76. Qe6+ Kc5 77. Qc6+ Kd4 78. d6 Qf1+ 79. Qg2 Qf5+ 80.
Kh2 Qxa5 81. d7 Kc5 82. Qa8 Qd2+ 83. Kh1 Qxd7 {Game drawn by mutual
agreement} 1/2-1/2

[Event "ICC tourney 3096 (40 10)"]
[Site "Internet Chess Club"]
[Date "2023.01.07"]
[Round "3"]
[White "Agarwal, Aayansh:AayanshAgarwal"]
[Black "HERRERA, JAMES:Jimherrera"]
[Result "1/2-1/2"]
[ICCResult "Game drawn because neither player has mating material"]
[WhiteElo "585"]
[BlackElo "1517"]
[Opening "Sicilian"]
[ECO "B50"]
[NIC "SI.01"]
[Time "15:31:32"]
[PlyCount "120"]
[TimeControl "2400+10"]

1. e4 c5 2. Nf3 d6 3. c3 Nf6 4. Be2 Qa5 5. d3 g6 6. O-O Bg7 7. Be3 O-O 8. h3
Nc6 9. Qd2 b5 10. Bh6 Bd7 11. Bxg7 Kxg7 12. c4 bxc4 13. Qxa5 Nxa5 14. dxc4
Nxe4 15. Re1 Rfe8 16. Bd3 Nf6 17. Nc3 Rab8 18. b3 Nc6 19. Ne4 Nb4 20. Nxf6
Kxf6 21. Be4 e6 22. a3 Nc6 23. Rab1 Na5 24. b4 cxb4 25. Rxb4 Rxb4 26. axb4
Nxc4 27. Bd3 Nb2 28. Be2 Rc8 29. Rb1 Na4 30. Ra1 Nc3 31. Bd3 Bb5 32. Bxb5
Nxb5 33. Ra6 d5 34. Ra5 Rb8 35. Ne1 Nc3 36. Rxa7 Rxb4 37. Nd3 Rd4 38. Nc5
Rd1+ 39. Kh2 Re1 40. Nd7+ Kg7 41. Nc5 Ne4 42. Nxe6+ Kf6 43. Nf4 d4 44. Rd7
Nxf2 45. Rxd4 h5 46. Nxh5+ gxh5 47. Rf4+ Kg5 48. Rxf2 Re7 49. Kg3 h4+ 50.
Kh2 f5 51. g3 hxg3+ 52. Kxg3 Re3+ 53. Rf3 f4+ 54. Kf2 Re4 55. Kg2 Kh4 56.
Kf2 Kg5 57. Rd3 Kh4 58. Kf3 Re3+ 59. Rxe3 fxe3 60. Kxe3 Kxh3
{Game drawn because neither player has mating material}
1/2-1/2

[Event "ICC tourney 3096 (40 10)"]
[Site "Internet Chess Club"]
[Date "2023.01.07"]
[Round "3"]
[White "BRUDNO, STEPHEN:StevChess01"]
[Black "LUCKANISH, ALEX:AwesomeAlex92"]
[Result "1/2-1/2"]
[ICCResult "Game drawn by mutual agreement"]
[WhiteElo "1530"]
[BlackElo "1342"]
[Opening "QGD Slav: 4.Nc3"]
[ECO "D15"]
[NIC "SL.03"]
[Time "15:31:32"]
[PlyCount "119"]
[TimeControl "2400+10"]

1. d4 d5 2. c4 c6 3. Nc3 Nf6 4. Nf3 Bf5 5. Qb3 dxc4 6. Qxb7 Qb6 7. Qxb6 axb6
8. Bf4 e6 9. Nd2 b5 10. e4 Bg6 11. f3 Bb4 12. Be2 O-O 13. O-O Rd8 14. a3 Be7
15. Be3 Na6 16. Rfd1 Nc7 17. Nf1 Nfe8 18. Ng3 f6 19. Nh1 Bf7 20. Nf2 Nd6 21.
Na2 Nc8 22. Bf4 Na6 23. Nc3 Nb6 24. Ng4 g5 25. Bg3 h5 26. Ne3 Be8 27. Nc2
Bf7 28. Bf2 Be8 29. d5 Nc5 30. dxc6 Bxc6 31. Nd4 Bd7 32. Ndxb5 Nba4 33. Nxa4
Nxa4 34. Nc3 Nxb2 35. Rd2 Na4 36. Nxa4 Bxa4 37. Rxd8+ Rxd8 38. Bxc4 Kf7 39.
g3 Rc8 40. Bf1 Rc3 41. Kg2 Rxa3 42. Rxa3 Bxa3 43. h4 g4 44. fxg4 hxg4 45.
Be2 Bc2 46. Bxg4 Bxe4+ 47. Bf3 Bxf3+ 48. Kxf3 Kg6 49. g4 Bc1 50. Ke4 f5+ 51.
gxf5+ exf5+ 52. Ke5 f4 53. Ke4 Kf6 54. Bd4+ Kg6 55. Kf3 Kh5 56. Bf2 Bd2 57.
Ke2 Bb4 58. Kf3 Bd6 59. Be1 Bc7 60. Bf2 {Game drawn by mutual agreement}
1/2-1/2

[Event "ICC tourney 3096 (40 10)"]
[Site "Internet Chess Club"]
[Date "2023.01.07"]
[Round "3"]
[White "SWEEZEY, RYAN:apiguponarock"]
[Black "Mehta, Aarav Amit:amitmehta22"]
[Result "1/2-1/2"]
[ICCResult "Game drawn by mutual agreement"]
[WhiteElo "1041"]
[BlackElo "1360"]
[Opening "Sicilian: Anderssen variation"]
[ECO "B41"]
[NIC "SI.41"]
[Time "15:31:28"]
[PlyCount "100"]
[TimeControl "2400+10"]

1. e4 c5 2. Nf3 e6 3. d4 cxd4 4. Nxd4 Nf6 5. Nc3 Nc6 6. Be3 Bb4 7. Qd3 Ne5
8. Qb5 Qa5 9. Qxa5 Bxa5 10. f3 d5 11. exd5 Nxd5 12. Bd2 Nxc3 13. bxc3 Bd7
14. Rb1 Bb6 15. f4 Nc6 16. Bb5 Ke7 17. Be3 Ba5 18. Bd2 Rab8 19. Ke2 a6 20.
Bd3 b5 21. Rhf1 Bc7 22. Be4 Na5 23. Bd3 Bb6 24. h3 Rhc8 25. Rf3 Nc4 26. Be1
Na3 27. Rc1 Nc4 28. Bh4+ f6 29. Be1 h6 30. Rg3 Kf8 31. Bg6 e5 32. fxe5 Nxe5
33. Bf5 Re8 34. Bxd7 Nxd7+ 35. Kf1 Bc7 36. Rd3 Ne5 37. Rd2 Nc4 38. Re2 Rxe2
39. Kxe2 Re8+ 40. Kf2 Bf4 41. Rd1 Be3+ 42. Kf3 Bg5 43. Bf2 Ne5+ 44. Kg3 Ng6
45. Nf3 Bf4+ 46. Kg4 Re4 47. Kf5 Re2 48. Bc5+ Ne7+ 49. Bxe7+ Kxe7 50. Kxf4
Rxc2 {Game drawn by mutual agreement} 1/2-1/2

[Event "ICC tourney 3096 (40 10)"]
[Site "Internet Chess Club"]
[Date "2023.01.07"]
[Round "3"]
[White "WANG, CHLOE HEATHER:kittycat35"]
[Black "ZHANG, ARI:brass60Six"]
[Result "1-0"]
[ICCResult "Black resigns"]
[WhiteElo "1586"]
[BlackElo "1370"]
[Opening "Sicilian"]
[ECO "B54"]
[NIC "SI.01"]
[Time "15:31:31"]
[PlyCount "71"]
[TimeControl "2400+10"]

1. e4 c5 2. Nf3 d6 3. d4 cxd4 4. Nxd4 a6 5. c4 Nf6 6. Nc3 Nc6 7. Be2 e6 8.
Be3 Be7 9. O-O O-O 10. Qd2 Qc7 11. Rac1 Ne5 12. h3 Bd7 13. f4 Nc6 14. Bd3 e5
15. Nxc6 Bxc6 16. Qf2 Kh8 17. f5 Qd7 18. g4 Rab8 19. g5 Ne8 20. Nd5 Bxd5 21.
exd5 Bd8 22. b4 Rg8 23. Qg2 b5 24. c5 dxc5 25. bxc5 a5 26. Be4 b4 27. Rfd1
Ra8 28. d6 Rb8 29. c6 Qc8 30. c7 Bxc7 31. d7 Qa6 32. dxe8=Q Rgxe8 33. Rxc7
Rf8 34. g6 Qf6 35. Rc6 Qh4 36. Bg5 {Black resigns} 1-0